 Dungeon Sprint DCSS version 0.26-a0-663-g36e8fdb655 (webtiles) character file.

Game seed: 10381064199171918648

434 sahdkjhfkaj the Destroyer (level 7, -1/44 HPs)
             Began as a Tengu Conjurer on Oct 10, 2020.
             Was an Initiate of Sif Muna.
             Slain by Sonja
             ... wielding a +1 dagger of distortion
              (7 damage)
             ... in the Dungeon (Sprint I: "Red Sonja").
             The game lasted 00:01:58 (621 turns).

sahdkjhfkaj the Destroyer (Tengu Conjurer)           Turns: 621, Time: 00:01:59

Health: -1/44      AC:  2    Str:  7    XL:     7   Next: 0%
Magic:  12/18      EV: 15    Int: 21    God:    Sif Muna [......]
Gold:   308        SH:  0    Dex: 12    Spells: 13/20 levels left

rFire    . . .     SeeInvis .   (no weapon)
rCold    . . .     Faith    .   (no shield)
rNeg     . . .     Spirit   .   a - +0 robe
rPois    .         Reflect  .   (helmet restricted)
rElec    .         Harm     .   (no cloak)
rCorr    .         Rampage  .   (no gloves)
MR       .....     NoTele   +   (boots unavailable)
Stlth    ++........             (no amulet)
HPRegen  0.14/turn              (no ring)
MPRegen  0.16/turn              (no ring)

@: lethally poisoned (-1 -> -11), slowed, very slow
A: beak, talons 3, able to fly
a: Fly, Renounce Religion


You were in the Dungeon.
You worshipped Sif Muna.
Sif Muna was noncommittal.
You visited 1 branch You collected 308 gold pieces.

Inventory:

Armour
 a - a +0 robe (worn)
Scrolls
 g - a scroll of identify {unknown}
 h - a scroll of blinking
Potions
 b - a potion of cancellation {unknown}
 c - a potion of curing
 d - a potion of heal wounds
 e - a potion of haste
 f - 2 potions of magic


   Skills:
 + Level 5.6 Fighting
 + Level 6.2 Armour
 + Level 6.7 Dodging
 - Level 2.0 Stealth
 + Level 7.4 Spellcasting
 - Level 10.2 Conjurations


You had 13 spell levels left.
You knew the following spells:

 Your Spells              Type           Power        Failure   Level
a - Magic Dart            Conj           ####         1%          1
b - Searing Ray           Conj           ######       1%          2
f - Fulminant Prism       Conj/Hex       ####......   11%         4

Your spell library contained the following spells:

 Spells                   Type           Power        Failure   Level
 Dazzling Flash           Conj/Hex       ####..       3%          3
 Iskenderun's Mystic Bla  Conj/Tloc      ####....     11%         4


Dungeon Overview and Level Annotations

Branches:
Dungeon (1/1)

Altars:
Cheibriados
Dithmenos
Elyvilon
Fedhas
Gozag
Hepliaklqana
Kikubaaqudgha
Nemelex Xobeh
Okawaru
Qazlal
Ru
Sif Muna
Trog
Uskayaw
Vehumet
Wu Jian
Yredelemnul
Zin
The Shining One

Shops:
D *

Annotations:
D Sonja


Innate Abilities, Weirdness & Mutations

You have a beak for a mouth.
You have claws for feet.
You can fly continuously.


Message History

Sonja gestures wildly while chanting.
Sonja blinks!
Sonja barely misses you. Sonja misses you. Sonja barely misses you.
Casting: Fulminant Prism (quite dangerous; 11% risk of failure)
Confirm with . or Enter, or press ? or * to list all spells.
Aiming: Searing Ray (safe; 1% risk of failure)
Press: ? - help, Shift-Dir - straight line, f - Sonja
Aim: Sonja, wielding a +1 dagger of distortion, quivering 8 curare-tipped darts and carrying a wand of iceblast (11)
The searing ray hits Sonja!
Sonja is heavily wounded. (Press . to maintain the ray.)
You feel sick.
Sonja hits you with a +1 dagger of distortion.
* * * LOW HITPOINT WARNING * * *
Space warps horribly around you!!
* * * LOW HITPOINT WARNING * * *
Sonja hits you with a +1 dagger of distortion.
* * * LOW HITPOINT WARNING * * *
Sonja hits you with a +1 dagger of distortion!
You die...

################
#<.#..)..#..'..#
#..'..#..').#..+
#...####'#####'#
#..####..#...#.#
#..#__####..##(#
#[.#_____##'#_.+
#⌠⌠#_.∩...'K.._#
####_..__##_@#'#
#_____###'#.#
####### #.###
$*$ $§$ ##.##
#+#


You could see Sonja and a friendly fulminant prism.

Vanquished Creatures
  Sigmund (D)
  A yak (D)
  An ogre (D)
  A jelly (D)
  Ijyb (D)
5 creatures vanquished.

Notes
Turn   | Place    | Note
-------+----------+-------------------------------------------
     0 | D        | sahdkjhfkaj the Tengu Conjurer began the quest for the Orb.
     0 | D        | Reached XP level 1. HP: 10/10 MP: 4/4
     1 | D        | Noticed Ijyb
    20 | D        | Killed Ijyb
    20 | D        | Reached skill level 7 in Conjurations
    20 | D        | Reached XP level 2. HP: 8/15 MP: 0/8
    20 | D        | Reached XP level 3. HP: 10/19 MP: 0/10
   203 | D        | Learned a level 2 spell: Searing Ray
   210 | D        | Noticed an ogre
   213 | D        | Killed an ogre
   213 | D        | Reached skill level 5 in Spellcasting
   213 | D        | Reached skill level 8 in Conjurations
   213 | D        | Reached XP level 4. HP: 27/27 MP: 7/12
   267 | D        | Noticed Sigmund
   271 | D        | Killed Sigmund
   271 | D        | Reached skill level 5 in Armour
   271 | D        | Reached skill level 5 in Dodging
   271 | D        | Reached skill level 9 in Conjurations
   271 | D        | Gained mutation: You can fly continuously. [Tengu growth]
   271 | D        | Reached XP level 5. HP: 24/34 MP: 9/15
   271 | D        | Reached XP level 6. HP: 27/39 MP: 9/16
   368 | D        | Found an ornate altar of the Wu Jian Council.
   368 | D        | Found a shimmering blue altar of Sif Muna.
   370 | D        | Found a radiant altar of Vehumet.
   378 | D        | Became a worshipper of Sif Muna the Loreminder
   400 | D        | Found Xaunajir's General Store.
   400 | D        | Found an ancient bone altar of Kikubaaqudgha.
   400 | D        | Found a hazy altar of Hepliaklqana.
   400 | D        | Found a stormy altar of Qazlal.
   400 | D        | Found a hide-covered altar of Uskayaw.
   400 | D        | Found a blossoming altar of Fedhas.
   400 | D        | Found a bloodstained altar of Trog.
   400 | D        | Found an iron altar of Okawaru.
   400 | D        | Found a basalt altar of Yredelemnul.
   400 | D        | Found a glowing golden altar of the Shining One.
   400 | D        | Found a snail-covered altar of Cheibriados.
   400 | D        | Found a sacrificial altar of Ru.
   400 | D        | Found a glowing silver altar of Zin.
   400 | D        | Found a shadowy altar of Dithmenos.
   400 | D        | Found a white marble altar of Elyvilon.
   400 | D        | Noticed a yak
   406 | D        | Killed a yak
   406 | D        | Reached skill level 5 in Fighting
   406 | D        | Reached skill level 10 in Conjurations
   406 | D        | Reached XP level 7. HP: 18/44 MP: 9/18
   515 | D        | Found an opulent altar of Gozag.
   516 | D        | Found a sparkling altar of Nemelex Xobeh.
   597 | D        | Learned a level 4 spell: Fulminant Prism
   619 | D        | Noticed Sonja
   621 | D        | Slain by Sonja

Illustrated notes

Levels and vault maps discovered:
D:        dungeon_sprint_1 [red_sonja_temple_1, red_sonja_temple_small_1]

Skill      XL: |  1  2  3  4  5  6 |
---------------+-------------------+-----
Conjurations   | 7 8 9 10 | 10.2
Spellcasting   | 4 5 6 7 |  7.4
Fighting       | 2 4 5 |  5.6
Armour         | 2 5 6 |  6.2
Dodging        | 3 5 6 |  6.7
Stealth        | |  2.0

Action                   |  1- 3 |  4- 6 |  7- 9 || total
-------------------------+-------+-------+-------++-------
Melee: Unarmed           |     8 |       |       ||     8
       Kick              |     3 |       |       ||     3
       Peck              |     1 |       |       ||     1
 Cast: Magic Dart        |     5 |       |       ||     5
       Searing Ray       |     1 |     4 |     1 ||     6
       Fulminant Prism   |       |       |     1 ||     1
  Use: Potion            |     1 |       |       ||     1
Armor: Robe              |     1 |       |       ||     1
Dodge: Dodged            |     5 |     3 |     3 ||    11

Table legend: (Time is in decaauts)
 A = Elapsed time spent in this place.
 B = Non-inter-level travel time spent in this place.
 C = Inter-level travel time spent in this place.
 D = Time resting spent in this place.
 E = Time spent auto-exploring this place.
 F = Levels seen in this place.
 G = Mean time per level.
                   A        B        C        D        E       F      G
               +--------+--------+--------+--------+--------+-----+--------+
         Total |    633 |    633 |      0 |    499 |      0 |   1 |  633.0 |
       Dungeon |    633 |    633 |      0 |    499 |      0 |   1 |  633.0 |
               +--------+--------+--------+--------+--------+-----+--------+

Top non-repeatable levels by time:
       D: 633 daAuts
